Map: Corrosion EC

Players

DENNIS - Winner!

  • Race: Protoss Protoss
  • League: Diamond
  • Spawn Location: 5:00

BulotAtomik

  • Race: Terran Terran
  • League: Diamond
  • Spawn Location: 11:00

VOD

Have the link to the VOD?

Description

Time

  • Played on: May 13, 2018, 7:38 a.m.
  • Length: 19:48
Show
View Real Time Build Order
Export as new Build Order

DENNIS Protoss - Winner!

Build Orders:  

Get SALT Encoding   

  12  0:00  Probe  
  13  0:13  Probe  
  14  0:21  Pylon  
  14  0:25  Probe  
  15  0:36  Probe  
  15  0:40  Gateway  
  16  0:44  Probe  
  16  0:47  Assimilator  
  17  0:54  Probe  
  17  0:56  Assimilator  
  18  1:05  Pylon  
  18  1:07  Probe  
  19  1:16  Probe  
  19  1:24  Probe  
  20  1:27  Cybernetics Core  
  21  1:34  Probe  
  22  1:46  Probe  
  23  1:52  Gateway  
  23  1:55  Stalker  
  23  1:58  Gateway  
  23  2:06  Warp Gate  
  25  2:17  Pylon  
  25  2:24  Stalker  
  27  2:39  Stalker  
  29  2:45  Stalker  
  31  2:54  Stalker  
  33  3:17  Nexus  
  33  3:22  Stalker  
  33  3:25  Probe  
  36  3:43  Probe  
  36  3:44  Robotics Facility  
  37  3:52  Pylon  
  38  3:55  Probe  
  38  4:09  Probe  
  39  4:25  Probe  
  39  4:29  Probe  
  41  4:33  Immortal  
  41  4:34  Probe  
  41  4:37  Probe  
  46  4:39  Robotics Bay  
  46  4:42  Probe  
  47  4:51  Probe  
  47  4:52  Probe  
  48  4:56  Twilight Council  
  48  4:59  Sentry x2  
  54  5:03  Probe  
  54  5:04  Probe  
  54  5:05  Assimilator  
  56  5:13  Pylon  
  56  5:15  Probe  
  56  5:16  Probe  
  58  5:21  Immortal  
  62  5:31  Probe  
  62  5:33  Pylon  
  63  5:35  Assimilator  
  63  5:39  Charge  
  63  5:43  Forge  
  63  5:49  Pylon  
  63  5:51  Zealot  
  63  5:54  Zealot  
  63  5:56  Probe x2  
  67  6:01  Observer  
  70  6:04  Probe x2  
  70  6:08  Zealot  
  74  6:12  Extended Thermal Lance  
  73  6:19  Probe  
  73  6:21  Colossus  
  80  6:28  Zealot  
  80  6:31  Sentry  
  84  6:35  Zealot  
  84  6:39  Protoss Ground Weapons Level 1  
  86  6:41  Pylon  
  86  6:46  Pylon  
  86  7:04  Probe  
  86  7:05  Nexus  
  86  7:07  Pylon  
  87  7:09  Pylon  
  87  7:10  Zealot  
  89  7:24  Colossus  
  93  7:41  Stalker x2  
  93  7:42  Stalker  
  99  7:52  Pylon  
  98  8:08  Colossus  
  98  8:12  Stalker x2  
  108  8:22  Gateway  
  108  8:24  Protoss Ground Armor Level 1  
  108  8:25  Probe  
  108  8:26  Probe, Gateway  
  110  8:28  Zealot  
  112  8:37  Zealot x2  
  116  8:51  Zealot  
  118  8:58  Zealot x2  
  118  9:02  Colossus  
  120  9:13  Zealot  
  100  9:23  Probe x2  
  96  9:37  Stalker x3  
  102  9:39  Probe x2  
  102  9:40  Probe  
  105  9:47  Templar Archives  
  105  9:50  Forge  
  105  9:51  Gateway  
  105  9:54  Gateway  
  105  9:55  Probe x3  
  105  9:57  Pylon  
  105  9:58  Gateway  
  105  9:59  Observer  
  109  10:05  Assimilator  
  109  10:07  Stalker x2  
  109  10:10  Assimilator  
  109  10:11  Sentry  
  115  10:14  Pylon  
  113  10:23  Stalker x2  
  117  10:36  Stalker, Probe x3  
  117  10:37  Stalker x2  
  117  10:38  Psionic Storm  
  126  10:51  Immortal  
  128  11:07  Probe x2  
  130  11:18  Protoss Ground Armor Level 2  
  114  11:36  Pylon  
  114  11:42  High Templar x5  
  124  11:49  Stargate  
  124  11:51  Pylon  
  124  11:54  Nexus  
  124  11:57  Pylon  
  124  11:58  Photon Cannon  
  124  12:00  Photon Cannon  
  124  12:02  Shield Battery  
  124  12:04  Photon Cannon  
  124  12:07  Photon Cannon  
  122  12:11  Pylon  
  122  12:14  Stalker x3, Photon Cannon  
  122  12:15  Stalker  
  130  12:25  Observer  
  131  12:35  Fleet Beacon  
  131  12:39  Blink, Stargate  
  131  12:54  Forge  
  131  13:02  Phoenix  
  133  13:10  Pylon  
  133  13:12  Pylon  
  133  13:14  Photon Cannon  
  133  13:15  Mothership  
  131  13:20  Probe x2  
  131  13:25  Probe  
  141  13:32  Photon Cannon  
  141  13:34  Photon Cannon  
  141  13:36  Photon Cannon  
  141  13:37  Photon Cannon  
  141  13:40  Probe x2  
  136  13:43  Phoenix  
  136  13:44  Stalker x3  
  136  13:45  Stalker x2  
  148  13:55  Probe x2  
  148  14:00  Stalker x2  
  151  14:06  Phoenix  
  151  14:09  Probe  
  155  14:10  Probe  
  155  14:16  Probe  
  156  14:19  Zealot  
  156  14:20  Zealot x2  
  156  14:22  Probe  
  163  14:26  Phoenix  
  163  14:28  Protoss Ground Weapons Level 2  
  163  14:31  Observer  
  166  14:44  Assimilator  
  166  14:47  Assimilator  
  166  14:49  Photon Cannon  
  166  14:50  Shield Battery  
  166  14:52  Zealot x2  
  170  14:54  Shield Battery, High Templar  
  170  14:56  High Templar  
  174  15:01  Archon  
  174  15:05  Photon Cannon  
  174  15:25  Photon Cannon  
  174  15:26  Carrier  
  174  15:27  Shield Battery  
  180  15:32  Probe  
  180  15:33  Probe x2  
  177  15:52  Phoenix  
  179  16:00  Probe x2  
  179  16:01  Probe  
  179  16:02  Pylon  
  182  16:04  Zealot x3  
  182  16:06  Photon Cannon  
  188  16:15  Photon Cannon  
  188  16:16  Photon Cannon  
  186  16:24  Stalker  
  186  16:25  Stalker x3  
  189  16:26  Stalker x2  
  179  17:47  Pylon  
  179  17:49  Pylon  
  179  17:51  Pylon  
  179  17:54  Pylon  
  179  17:57  Pylon  
  169  18:05  Probe x3, Carrier  
  164  18:06  Probe  
  147  18:17  Probe  
  147  18:18  Zealot x2  
  147  18:19  Zealot x5  
Show
View Real Time Build Order
Export as new Build Order

BulotAtomik Terran 

Build Orders: Reaper Expand, MMM Bio 

Get SALT Encoding   

  12  0:01  SCV  
  13  0:13  SCV  
  14  0:17  Supply Depot  
  14  0:25  SCV  
  15  0:38  SCV  
  15  0:40  Barracks  
  16  0:44  Refinery  
  16  0:50  SCV  
  17  1:03  SCV  
  18  1:18  SCV  
  19  1:27  Reaper  
  20  1:34  Orbital Command  
  20  1:41  Command Center  
  20  1:51  Barracks  
  20  1:59  SCV  
  20  2:01  Barracks Reactor  
  21  2:07  Supply Depot  
  21  2:11  SCV  
  21  2:14  Refinery  
  22  2:23  SCV  
  22  2:27  Factory  
  23  2:39  SCV  
  23  2:40  Barracks Tech Lab  
  24  2:51  SCV  
  25  2:58  Orbital Command  
  25  3:01  Marine x3  
  25  3:02  Bunker  
  25  3:05  Stimpack  
  27  3:17  SCV  
  27  3:19  Marine  
  29  3:22  Marine x2  
  29  3:23  Bunker  
  31  3:32  Cyclone  
  34  3:35  SCV  
  34  3:36  SCV  
  36  3:45  Marine x3  
  39  3:52  Starport  
  38  4:03  Marine x2  
  38  4:08  Factory Reactor  
  40  4:11  Marine  
  40  4:12  SCV x2  
  43  4:17  Refinery  
  43  4:20  Liberator, Marine  
  43  4:24  Marine  
  43  4:29  Marine  
  45  4:33  SCV  
  45  4:34  Supply Depot x2  
  45  4:37  SCV  
  50  4:44  Marine x2  
  50  4:45  SCV  
  53  4:47  Marine  
  54  4:56  SCV, Widow Mine x2  
  54  4:57  SCV  
  60  5:10  Marine x3  
  60  5:14  Supply Depot  
  63  5:15  Engineering Bay  
  63  5:17  SCV  
  63  5:18  SCV  
  65  5:22  Supply Depot  
  65  5:26  Combat Shields  
  65  5:28  Marine  
  66  5:30  Medivac  
  66  5:31  Medivac  
  66  5:35  SCV x2  
  72  5:44  Liberator  
  72  5:45  Factory Reactor  
  72  5:49  SCV x2  
  74  5:54  Marine x3  
  77  6:01  SCV x2  
  82  6:12  Marine  
  83  6:28  Command Center  
  83  6:35  Marine x3  
  86  6:44  Barracks  
  86  6:46  Terran Infantry Weapons Level 1  
  86  6:47  Barracks x3  
  86  6:53  Marine  
  87  6:55  SCV x2  
  87  6:58  Marine x2, Refinery  
  91  7:01  Supply Depot  
  91  7:02  Supply Depot  
  91  7:08  Liberator  
  91  7:25  Medivac  
  96  7:35  SCV x2  
  97  7:40  Orbital Command  
  97  7:43  Marine x3  
  100  7:46  Barracks Tech Lab x2  
  100  7:47  Barracks Reactor  
  100  7:48  Barracks Tech Lab  
  100  7:50  Concussive Shells  
  100  7:53  Engineering Bay  
  100  7:54  Liberator  
  100  7:55  Widow Mine x2  
  100  7:56  Armory  
  104  8:01  Marine x3  
  102  8:11  Medivac  
  106  8:12  Marine  
  106  8:17  SCV x3, Widow Mine x2  
  114  8:22  Supply Depot  
  114  8:28  Marine x4  
  114  8:30  Marauder  
  120  8:41  Missile Turret, Liberator x2  
  120  8:42  Marine x2  
  120  8:43  Missile Turret  
  120  8:59  Widow Mine x2, Marine  
  120  9:00  Marauder  
  133  9:09  Marauder  
  133  9:11  Marine  
  133  9:12  Marine x3  
  133  9:13  Marauder  
  125  9:17  Marine  
  120  9:31  Liberator x2, Marauder  
  114  9:34  Marine  
  114  9:35  Marauder x3, Marine x2  
  114  9:36  Marine  
  124  9:38  SCV  
  124  9:39  SCV x2  
  124  9:42  Widow Mine x2  
  131  9:46  Supply Depot x2  
  131  9:52  Marauder  
  138  10:02  Marine x2  
  138  10:03  Marine  
  141  10:07  Marine x2  
  141  10:08  Marauder x2  
  141  10:14  Marauder  
  129  10:26  Marine x2  
  129  10:27  Marauder, Marine x2  
  127  10:29  Marauder, Marine  
  127  10:31  Terran Infantry Weapons Level 2, Terran Infantry Armor Level 1  
  127  10:35  Marauder  
  132  10:44  Marine  
  132  10:46  Factory Reactor  
  132  10:47  Marauder  
  132  10:49  Sensor Tower  
  135  10:51  Marine  
  135  10:52  Marauder x2, Marine x2  
  135  10:56  Marine  
  138  11:02  Marine  
  136  11:09  Marauder, Marine x2  
  139  11:14  Marauder x3  
  139  11:15  Orbital Command  
  139  11:20  Liberator  
  139  11:21  Liberator  
  132  11:33  Marine x4  
  132  11:34  Marauder  
  132  11:35  Marauder x2  
  132  11:36  Marauder  
  150  11:47  SCV x2  
  150  11:48  SCV  
  150  11:51  Marine x2  
  150  11:53  Supply Depot  
  150  11:54  Marine x2  
  157  12:14  Marine  
  157  12:15  SCV x3, Sensor Tower, Refinery  
  161  12:16  Refinery  
  161  12:20  Supply Depot  
  161  12:28  Command Center  
  161  12:32  Command Center  
  157  13:09  Marine x2  
  157  13:10  Marauder x3, Marine x2  
  157  13:11  Marauder, Medivac x2  
  163  13:27  Marine  
  163  13:31  Marauder  
  163  13:32  Marauder  
  168  13:38  Marauder, Marine x2  
  168  13:39  Marauder  
  171  13:53  Marauder x2  
  171  14:02  Planetary Fortress  
  168  14:04  Missile Turret  
  168  14:06  Marine x2  
  168  14:07  Marine x2  
  168  14:08  Terran Infantry Armor Level 2  
  168  14:09  Terran Infantry Weapons Level 3  
  166  14:20  Missile Turret  
  166  14:22  Missile Turret  
  154  14:27  Medivac x2  
  154  14:29  Widow Mine x2, Marine x2  
  154  14:30  Marauder x4, Marine x2  
  174  14:47  Marine x2  
  174  14:50  Marine x2  
  174  14:51  Marauder  
  174  14:52  Marauder  
  182  14:57  Medivac x2  
  182  14:58  SCV x4  
  190  15:09  Refinery  
  190  15:13  Marauder x2, Widow Mine x2, Marine x2  
  195  16:11  Missile Turret  
  195  16:31  Refinery  
  168  17:07  Command Center  
  168  17:17  Marine  
  168  17:18  Marauder x3, Marine x4  
  176  17:35  Marine x2  
  176  17:36  Marauder, Marine  
  176  17:40  Marauder x2  
  171  17:44  Medivac x2  
  171  17:45  Marine x2  
  175  17:53  Marine  
  175  17:54  Missile Turret  
  175  17:56  Missile Turret  
  175  17:58  Missile Turret  
  170  18:04  Marine x2  
  170  18:05  Marauder, Marine x2  
  145  18:06  Marauder x2  
  145  18:11  Marine  
  85  18:22  Marine x3  
  85  18:23  Marauder  
  85  18:26  Marine  
  85  18:27  Marauder, Marine  
  81  18:29  Marine  
  78  18:40  Marine x3  
  79  18:44  Marine x2  
  21  19:20  Marine  
  21  19:21  Marine x7  
Tags
 
Composition
MMM Bio
Matchup
PvT
Spawn Locations
Cross Positions
Add a new tag
Caveats
  • Supply blocks, unpowered buildings, or Contaminate may cause inaccurate times.
  • Supply counts are checked every 10 seconds.